 Dungeon Crawl Stone Soup version 0.23.2 (webtiles) character file.

Game seed: 4061582257636871831

5614 Zukil the Slinger (level 11, -8/74 HPs)
             Began as a Halfling Hunter on Apr 11, 2019.
             Was an Elder of Okawaru.
             Mangled by a catoblepas (11 damage)
             ... while petrified by you
             ... on level 9 of the Dungeon.
             The game lasted 01:03:28 (10322 turns).

Zukil the Slinger (Halfling Hunter)                Turns: 10322, Time: 01:03:28

Health: -8/74      AC:  6    Str: 14    XL:     11   Next: 3%
Magic:  14/14      EV:  3    Int: 12    God:    Okawaru [****..]
Gold:   429        SH:  0    Dex: 26    Spells: 10/10 levels left

rFire    + + .     SeeInvis .   a - +2 hunting sling
rCold    . . .     Gourm    .   (shield restricted)
rNeg     + + +     Faith    .   A - +1 leather armour {rF+}
rPois    ∞         Spirit   .   g - +2 hat
rElec    .         Reflect  .   (no cloak)
rCorr    .         Harm     .   (no gloves)
MR       .....                  (no boots)
Stlth    ++++......             (no amulet)
HPRegen  0.22/turn              y - ring of positive energy
MPRegen  0.14/turn              c - ring "Veshoyleruh" {rPois rF+ rN+ Int+3 Dex+8}

@: petrified
A: small, mutation resistance 1
a: Heroism, Renounce Religion


You were on level 9 of the Dungeon.
You worshipped Okawaru.
Okawaru was greatly pleased with you.
You were not hungry.

You visited 2 branches of the dungeon, and saw 10 of its levels.
You also visited: Ossuary.

You collected 429 gold pieces.


Innate Abilities, Weirdness & Mutations

You are small and have problems with some larger weapons.
You are somewhat resistant to further mutation.


   Skills:
 + Level 6.4 Fighting
 - Level 12.1 Slings
 + Level 5.3 Armour
 + Level 7.6 Dodging
 + Level 8.1 Stealth
 + Level 5.3 Invocations


You had 10 spell levels left.
You didn't know any spells.
Your spell library contained the following spells:

 Spells                   Type           Power        Failure   Level  Hunger
 Magic Dart               Conj           #...         38%         1    ##.....
 Blink                    Tloc           N/A          52%         2    ###....
 Call Imp                 Summ           #.......     52%         2    ###....
 Slow                     Hex            #.......     52%         2    ###....
 Conjure Flame            Conj/Fire      #.......     77%         3    ####...
 Mephitic Cloud           Conj/Pois/Air  #.......     77%         3    ####...

Inventory:

Hand Weapons
 a - a +2 hunting sling (weapon)
 b - a +0 short sword
 z - the +8 trident of the Octopus King {venom, rElec rPois MR+}
   (You found it on level 6 of the Dungeon)

   It poisons the flesh of those it strikes.
   It insulates you from electricity.
   It protects you from poison.
   It affects your resistance to hostile enchantments.
Missiles
 d - 49 sling bullets
 m - 15 stones (quivered)
Armour
 g - a +2 hat (worn)
 A - a +1 leather armour of fire resistance (worn)
Jewellery
 c - the ring "Veshoyleruh" (right hand) {rPois rF+ rN+ Int+3 Dex+8}
   (You found it on level 4 of the Dungeon)

   [ring of poison resistance]

   It affects your intelligence (+3).
   It affects your dexterity (+8).
   It protects you from fire.
   It protects you from poison.
   It protects you from negative energy.
 t - an uncursed ring of wizardry
 y - a ring of positive energy (left hand)
Wands
 h - a wand of acid (4)
 l - a wand of flame (30)
 w - a wand of paralysis (7)
Scrolls
 e - 6 scrolls of remove curse
 j - 2 scrolls of fear
 p - a scroll of immolation
 q - 6 scrolls of amnesia
 u - a scroll of summoning
 x - 3 scrolls of teleportation
Potions
 i - 2 potions of ambrosia
 k - 4 potions of curing
 o - 4 potions of heal wounds
 r - 2 potions of lignification
 v - a potion of agility
Comestibles
 f - 17 rations

Dungeon Overview and Level Annotations

Branches:
Dungeon (9/15)             Temple (1/1) D:5
   Lair: D:8-11         Orc: D:9-12

Altars:
Ashenzari
Cheibriados
Dithmenos
Elyvilon
Fedhas
Hepliaklqana
Kikubaaqudgha
Makhleb
Nemelex Xobeh
Okawaru
Qazlal
Ru
Sif Muna
Trog
Uskayaw
Vehumet
Wu Jian
Xom
Yredelemnul
Zin
The Shining One
Lugonu

Annotations:
D:2 exclusion: 2 downstairs
D:3 1 runed translucent door, Sigmund; cdecastro's ghost, amateur TrFi
D:8 2 runed translucent doors, exclusion: downstairs, Malificent's ghost, novice DsAr
D:9 Erolcha

#........#
##........#
#.........#
####......# #......#
#......# #...§..# .
#....<.###########..
#.....@.............
#......Y............
#...................
#...................
#...................
##.............(....
#..#########...(.(.
#$. .....(. #.
.......


You could see a catoblepas.


Message History

Firing (i - inventory. (/) - cycle)
m - a stone (quivered)
Press: ? - help, Shift-Dir - straight line, f/p - bullfrog skeleton
Aim: a bullfrog skeleton (almost destroyed)
You shoot a stone. The stone hits the bullfrog skeleton!
You destroy the bullfrog skeleton!
Okawaru accepts your kill.
m - a stone
m - 4 stones (gained 3)
m - 16 stones (gained 12)
You see here a yak skeleton.
m - 17 stones (gained 1)
m - 19 stones (gained 2)
m - 20 stones (gained 1)
A catoblepas comes into view.
The catoblepas moves out of view.
m - 21 stones (gained 1)
You see here 2 stones.
m - 23 stones (gained 2) Firing (i - inventory. (/) - cycle)
m - 23 stones (quivered)
Press: ? - help, Shift-Dir - straight line, f - catoblepas
Aim: a catoblepas (hasn't noticed you)
You shoot a stone. The catoblepas bellows!
The stone hits the catoblepas but does no damage.
Firing (i - inventory. (/) - cycle)
m - 22 stones (quivered)
Press: ? - help, Shift-Dir - straight line, f/p - catoblepas
Aim: a catoblepas You shoot a stone.
The stone hits the catoblepas.
The catoblepas is lightly wounded.
Firing (i - inventory. (/) - cycle)
m - 21 stones (quivered)
Press: ? - help, Shift-Dir - straight line, f/p - catoblepas
Aim: a catoblepas (lightly wounded)
You shoot a stone.
The stone hits the catoblepas but does no damage.
The catoblepas is lightly wounded.
Firing (i - inventory. (/) - cycle)
m - 20 stones (quivered)
Press: ? - help, Shift-Dir - straight line, f/p - catoblepas
Aim: a catoblepas (lightly wounded)
You shoot a stone. The stone hits the catoblepas.
The catoblepas is lightly wounded.
Firing (i - inventory. (/) - cycle)
m - 19 stones (quivered)
Press: ? - help, Shift-Dir - straight line, f/p - catoblepas
Aim: a catoblepas (lightly wounded)
You shoot a stone.
The stone hits the catoblepas but does no damage.
The catoblepas is lightly wounded.
Firing (i - inventory. (/) - cycle)
m - 18 stones (quivered)
Press: ? - help, Shift-Dir - straight line, f/p - catoblepas
Aim: a catoblepas (lightly wounded)
You shoot a stone.
The stone hits the catoblepas but does no damage.
The catoblepas is lightly wounded.
Firing (i - inventory. (/) - cycle)
m - 17 stones (quivered)
Press: ? - help, Shift-Dir - straight line, f/p - catoblepas
Aim: a catoblepas (lightly wounded)
You shoot a stone.
The stone completely misses the catoblepas.
The catoblepas breathes a plume of calcifying dust at you.
The blast of calcifying dust hits you but does no damage.
Firing (i - inventory. (/) - cycle)
m - 16 stones (quivered)
Press: ? - help, Shift-Dir - straight line, f/p - catoblepas
Aim: a catoblepas (lightly wounded)
You shoot a stone.
The stone hits the catoblepas but does no damage.
The catoblepas is lightly wounded.
You are engulfed in calcifying dust.
You are slowing down.
Your limbs are stiffening.
You have turned to stone.
The catoblepas gores you!! The catoblepas gores you!!
The catoblepas gores you but does no damage.
The catoblepas barely misses you.
The catoblepas breathes a plume of calcifying dust at you.
The blast of calcifying dust hits you.
You are engulfed in calcifying dust.
The catoblepas barely misses you.
You are engulfed in calcifying dust.
The catoblepas breathes a plume of calcifying dust at you.
The blast of calcifying dust hits you.
You are engulfed in calcifying dust.
The catoblepas gores you but does no damage.
You are engulfed in calcifying dust.
The catoblepas barely misses you.
You turn to flesh and can move again.
The catoblepas breathes a plume of calcifying dust at you.
The blast of calcifying dust hits you.
You are engulfed in calcifying dust.
You are slowing down.
Your limbs are stiffening.
The catoblepas breathes a plume of calcifying dust at you.
The blast of calcifying dust hits you but does no damage.
You have turned to stone.
You are engulfed in calcifying dust.
The catoblepas gores you.
You are engulfed in calcifying dust.
The catoblepas gores you!!
You are engulfed in calcifying dust.
The catoblepas gores you!!
* * * LOW HITPOINT WARNING * * *
The catoblepas gores you but does no damage.
The catoblepas gores you!!
* * * LOW HITPOINT WARNING * * *
The catoblepas gores you!!
You die...

Skill      XL: |  1  2  3  4  5  6  7  8  9 10 |
---------------+-------------------------------+-----
Slings         | 6 7 8 9 11 12 | 12.1
Fighting       | 2 3 4 5 6 |  6.4
Stealth        | 2 3 4 5 6 8 |  8.1
Dodging        | 3 4 5 6 7 |  7.6
Armour         | 3 5 |  5.3
Invocations    | 3 5 |  5.3

Action                   |  1- 3 |  4- 6 |  7- 9 | 10-12 || total
-------------------------+-------+-------+-------+-------++-------
Melee: Short sword       |    47 |   247 |    34 |     1 ||   329
 Fire: Hunting sling     |    62 |   212 |   555 |   360 ||  1189
Throw: Stone             |     4 |     1 |     1 |       ||     6
Invok: Heroism           |       |       |       |     1 ||     1
  Use: Scroll            |     1 |    12 |     8 |     2 ||    23
       Potion            |       |       |     4 |     2 ||     6
 Stab: Sleeping          |       |       |       |     1 ||     1
  Eat: Chunk             |     2 |     5 |     8 |     6 ||    21
       Ration            |       |     1 |     1 |       ||     2
Armor: Leather armour    |    11 |    11 |       |    19 ||    41
       Scale mail        |       |    83 |    39 |       ||   122
Dodge: Dodged            |    47 |   199 |   142 |   113 ||   501

Levels and vault maps discovered:
D:1:      onia_arrival_larder, layout_basic, serial_glass, glass_columns_c,
          glass_columns_b, glass_columns_a, glass_columns_a, glass_columns_a,
          glass_columns_c, glass_columns_b, glass_columns_a, glass_columns_a,
          glass_columns_b
D:2:      minmay_spotlight, layout_basic, first_ration, st_stairs_4,
          minmay_unequal
D:3:      layout_basic, ebering_ghost_sewer_d, uniq_sigmund
D:4:      layout_rooms
D:5:      layout_loops_ring, minitemple, okawaru_altar_gauntlet_db,
          grunt_temple_overflow_diamond, minmay_temple_entry_statues_fountains,
          uniq_menkaure, uniq_edmund
D:6:      layout_loops_ring, nemelex_xobeh_ov_fountains_minmay, uniq_eustachio
D:7:      layout_cave_pools, lightli_ossuary_entry_decrepit_ruins
D:8:      layout_basic, ebering_ghost_disaster_area
D:9:      layout_irregular_city, marbit_many_paths, minmay_bent, uniq_erolcha
Temple:   corrupted_temple
Ossuary:  ossuary_minmay_chase

Notes
Turn   | Place    | Note
-------+----------+-------------------------------------------
     0 | D:1      | Zukil the Halfling Hunter began the quest for the Orb.
     0 | D:1      | Reached XP level 1. HP: 14/14 MP: 1/1
   329 | D:1      | Reached skill level 6 in Slings
   329 | D:1      | Reached XP level 2. HP: 17/19 MP: 2/2
   747 | D:1      | Reached skill level 2 in Fighting
  1176 | D:2      | Reached XP level 3. HP: 24/24 MP: 3/3
  1476 | D:2      | Reached skill level 2 in Stealth
  1507 | D:2      | Reached XP level 4. HP: 29/29 MP: 4/4
  1666 | D:1      | Reached skill level 7 in Slings
  1940 | D:2      | Reached skill level 3 in Dodging
  2280 | D:2      | Reached XP level 5. HP: 35/35 MP: 5/5
  3016 | D:3      | Reached skill level 3 in Stealth
  3016 | D:3      | Reached XP level 6. HP: 34/41 MP: 6/6
  3031 | D:3      | Reached skill level 8 in Slings
  3249 | D:3      | Noticed Sigmund
  3423 | D:3      | Found a runed translucent door.
  3423 | D:3      | Noticed cdecastro's ghost (amateur TrFi)
  3610 | D:4      | Reached skill level 3 in Fighting
  3927 | D:4      | Got a bound golden ring
  3928 | D:4      | Identified the ring "Veshoyleruh" {rPois rF+ rN+ Int+3
                  | Dex+8} (You found it on level 4 of the Dungeon)
  4131 | D:4      | Reached XP level 7. HP: 43/46 MP: 7/7
  4523 | D:5      | Entered Level 5 of the Dungeon
  4585 | D:5      | Reached skill level 4 in Dodging
  4686 | D:5      | Reached skill level 9 in Slings
  4686 | D:5      | Reached skill level 4 in Stealth
  5087 | D:5      | Reached XP level 8. HP: 44/54 MP: 8/8
  5289 | D:5      | Found a staircase to the Ecumenical Temple.
  5300 | D:5      | Reached skill level 4 in Fighting
  5305 | Temple   | Entered the Ecumenical Temple
  5455 | D:5      | Found an iron altar of Okawaru.
  5467 | D:5      | Became a worshipper of Warmaster Okawaru
  5568 | D:5      | Found a radiant altar of Vehumet.
  5588 | D:5      | Reached skill level 10 in Slings
  5702 | D:5      | Noticed Edmund
  5706 | D:5      | Reached skill level 5 in Stealth
  5717 | D:5      | Killed Edmund
  5717 | D:5      | Reached skill level 5 in Dodging
  5836 | D:5      | Noticed Menkaure
  5842 | D:5      | Killed Menkaure
  5943 | D:5      | Found a shattered altar of Ashenzari.
  5944 | D:5      | Found an ornate altar of the Wu Jian Council.
  5944 | D:5      | Found a white marble altar of Elyvilon.
  5945 | D:5      | Found a burning altar of Makhleb.
  5947 | D:5      | Found a glowing silver altar of Zin.
  5950 | D:5      | Found a hazy altar of Hepliaklqana.
  5998 | D:5      | Found a snail-covered altar of Cheibriados.
  6001 | D:5      | Found a stormy altar of Qazlal.
  6004 | D:5      | Found a bloodstained altar of Trog.
  6132 | D:6      | Noticed Eustachio
  6136 | D:6      | Reached * piety under Okawaru
  6172 | D:6      | Killed Eustachio
  6172 | D:6      | Reached skill level 11 in Slings
  6172 | D:6      | Reached XP level 9. HP: 43/59 MP: 9/9
  6303 | D:6      | Reached skill level 12 in Slings
  6327 | D:6      | Found the +8 trident of the Octopus King {venom, rElec
                  | rPois MR+}
  6361 | D:6      | Reached skill level 1 in Armour
  6378 | D:6      | Reached skill level 1 in Invocations
  6594 | D:6      | Found a sparkling altar of Nemelex Xobeh.
  6972 | D:7      | Reached ** piety under Okawaru
  6972 | D:7      | Reached skill level 2 in Armour
  6982 | D:7      | Reached skill level 6 in Stealth
  6982 | D:7      | Reached skill level 2 in Invocations
  7127 | D:7      | Found a sand-covered staircase.
  7129 | D:7      | Noticed a hippogriff
  7144 | D:7      | Killed a hippogriff
  7144 | D:7      | Reached skill level 5 in Fighting
  7144 | D:7      | Reached skill level 6 in Dodging
  7179 | Ossuary  | Entered an ossuary
  7653 | D:7      | Reached skill level 3 in Armour
  7653 | D:7      | Reached skill level 3 in Invocations
  7855 | D:7      | Reached XP level 10. HP: 66/66 MP: 12/12
  8343 | D:8      | Reached *** piety under Okawaru
  8537 | D:8      | Reached skill level 7 in Stealth
  8705 | D:8      | Reached skill level 4 in Armour
  8705 | D:8      | Reached skill level 4 in Invocations
  8821 | D:8      | Noticed a two-headed ogre
  8837 | D:8      | Killed a two-headed ogre
  8837 | D:8      | Reached skill level 6 in Fighting
  8837 | D:8      | Reached skill level 7 in Dodging
  8927 | D:8      | Found a large runed translucent door.
  8927 | D:8      | Found a large runed translucent door.
  8931 | D:8      | Noticed Malificent's ghost (novice DsAr)
  9128 | D:9      | Received a gift from Okawaru
  9151 | D:9      | Noticed Erolcha
  9616 | D:8      | Reached skill level 5 in Armour
  9664 | D:8      | Reached skill level 5 in Invocations
  9692 | D:8      | Reached **** piety under Okawaru
  9692 | D:8      | Reached skill level 8 in Stealth
 10194 | D:8      | Reached XP level 11. HP: 73/74 MP: 14/14
 10286 | D:9      | Noticed a catoblepas
 10321 | D:9      | HP: 3/74 [catoblepas (12)]
 10322 | D:9      | Mangled by a catoblepas

Vanquished Creatures
  A two-headed ogre (D:8)
  2 hippogriffs
  6 yaks
  Eustachio (D:6)
  Menkaure (D:5)
  Edmund (D:5)
  2 ice beasts
  2 black bears (D:9)
  5 ogres
  2 phantoms (D:7)
  2 centaurs
  3 bullfrogs
  A big kobold (D:8)
  A water moccasin zombie (D:8)
  2 scorpions (D:8)
  4 killer bees (D:7)
  3 wights (D:9)
  2 howler monkeys
  5 crimson imps
  A bullfrog zombie (D:5)
  A quasit (D:7)
  A gnoll shaman (D:9)
  3 hounds
  2 jellies
  A bullfrog skeleton (D:9)
  A centaur skeleton (D:6)
  3 orc priests
  6 orc wizards
  11 worker ants
  An iguana (D:8)
  A big kobold zombie (Ossuary)
  3 mummies (Ossuary)
  A howler monkey zombie (D:4)
  8 gnolls
  11 adders
  A shadow imp (D:9)
  4 adder zombies
  An adder skeleton (D:4)
  3 worms (D:2)
  2 dart slugs
  4 leopard geckos
  24 orcs
  5 giant cockroaches
  9 goblins
  8 hobgoblins
  9 jackals
  3 quokkas
  5 bats
  4 frilled lizards
  2 gnoll zombies (Ossuary)
  2 goblin zombies (Ossuary)
  2 hobgoblin zombies (Ossuary)
  15 kobolds
  2 kobold zombies (Ossuary)
  3 quokka skeletons
  4 rats
  6 rat zombies (Ossuary)
219 creatures vanquished.
